 Dungeon Crawl Stone Soup version 0.31-a0-246-g8cbcc1cb85 (webtiles) character file.

Game seed: 12228038353750571469

392 gruber the Ruffian (level 6, 0/44 HPs)
             Began as a Demonspawn Shapeshifter on July 12, 2023.
             Splashed by a jelly's acid (8 damage)
             ... on level 4 of the Dungeon.
             The game lasted 00:03:14 (2654 turns).

gruber the Ruffian (Demonspawn Shapeshifter)        Turns: 2654, Time: 00:03:15

Health: 0/44       AC: -14   Str: 17    XL:     6   Next: 50%
Magic:  6/6        EV: 12    Int:  9    God:
Gold:   199        SH:  0    Dex: 14    Spells: 5/5 levels left

rFire   . .          .
                       - Unarmed
rCold   . . .        (no shield)
rNeg    . . .        a - +0 animal skin
rPois   .            (helmet currently unavailable)
rElec   .            (cloak currently unavailable)
rCorr   .            (gloves currently unavailable)
SInv    .            (boots currently unavailable)
Will    .....        (no amulet)
Stlth   +            (no ring)
HPRegen 0.27/turn    (no ring)
MPRegen 0.10/turn

%: no passive effects
@: beast-form, corroded
A: beast (slay +2), horns 1, ignite blood 1, weakness stinger 2
a: no special abilities


You were on level 4 of the Dungeon.
You were a hulking beast.
You visited 1 branch of the dungeon, and saw 5 of its levels.

You collected 199 gold pieces.

Inventory:

Missiles
 j - 6 curare-tipped darts
Armour
 a - a +0 animal skin (worn)
Jewellery
 i - a ring of wizardry
Talismans
 c - a beast talisman
Wands
 o - a wand of mindburst (9)
 q - a wand of flame (4)
Scrolls
 d - 2 scrolls of fear {unknown}
 e - 4 scrolls of teleportation {unknown}
 k - 2 scrolls of identify {unknown}
 l - a scroll of poison {unknown}
 n - a scroll of vulnerability {unknown}
 s - a scroll of brand weapon {unknown}
 t - a scroll of enchant armour {unknown}
Potions
 b - a potion of lignification
 f - a potion of attraction {unknown}
 g - 2 potions of invisibility {unknown}
 h - 2 potions of degeneration {unknown}
 m - a potion of ambrosia {unknown}
 p - 2 potions of brilliance
 r - a potion of curing {unknown}


   Skills:
 - Level 2.0 Fighting
 - Level 1.7 Dodging
 - Level 6.1 Unarmed Combat
 * Level 3.1 Shapeshifting


You had 5 spell levels left.
You didn't know any spells.
Your spell library contained the following spells:

 Spells                   Type           Power      Damage    Failure   Level
 Summon Small Mammal      Summ           0%         N/A       38%         1
 Call Canine Familiar     Summ           0%         N/A       77%         3
 Stone Arrow              Conj/Erth      0%         3d7       77%         3
 Summon Guardian Golem    Hex/Summ       0%         N/A       77%         3
 Animate Armour           Summ/Erth      0%         N/A       99%         4
 Lehudib's Crystal Spear  Conj/Erth      0%         10d2      100%        8


Dungeon Overview and Level Annotations

Branches:
Dungeon (5/15)
 Temple: D:4-7

Altars:
Nemelex Xobeh

Annotations:
D:4 2 runed translucent doors, Losyloc's ghost, amateur OpCK


Innate Abilities, Weirdness & Mutations

You are a hulking beast.
Your limbs bulge with bestial killing power. (Slay +2)
You have a pair of small horns on your head.
Your demonic aura sometimes causes spilled blood to erupt in flames.
You have a tail ending in a sharp stinger.


Message History

The iguana barely misses you.
You hit the iguana. You headbutt the iguana.
The iguana is almost dead.
You hit the iguana.
You kill the iguana!
No target in view!
You see here an iguana corpse.
There is a stone staircase leading down here.
Found a sparkling altar of Nemelex Xobeh.
You now have 199 gold pieces (gained 11).
Found a helmet.
You see here a +0 helmet.
The jelly quivers.
A jelly is nearby!
The jelly barely misses you.
You punch the jelly! The acid corrodes you!
Your hands burn!
The jelly is heavily wounded.
The jelly hits you.
You are splashed with acid!
You hit the jelly. The acid corrodes you!
Your hands burn!
You headbutt the jelly, but do no damage.
The jelly is severely wounded.
The jelly hits you. The acid corrodes you!
You are splashed with acid.
You are too injured to fight recklessly!
You are too injured to fight recklessly!
You are too injured to fight recklessly!
You are too injured to fight recklessly!
You are too injured to fight recklessly!
You are too injured to fight recklessly!
You hit the jelly but do no damage.
Your hands burn!
You headbutt the jelly, but do no damage.
The jelly is severely wounded.
The jelly closely misses you.
You hit the jelly but do no damage. The acid corrodes you!
Your hands burn!
* * * LOW HITPOINT WARNING * * *
You headbutt the jelly, but do no damage.
The jelly is severely wounded.
The jelly hits you.
* * * LOW HITPOINT WARNING * * *
You are splashed with acid!
You die...

................##...
................)....
.............#.......
###......)..........
#.......##..........
#..#...####.###.....
#..#....###..#......
#J.##...###....###.
##h..#..####...##..
#........#.##..>...
##............##...
#.........##..##...
#..........##.##...
##............#....
#.................
###...............
##..............


You could see a jelly.

Vanquished Creatures
  A scorpion (D:4)
  An iguana (D:4)
  Crazy Yiuf (D:3)
  Jessica (D:2)
  2 orc wizards (D:3)
  Robin (D:4)
  4 gnolls (D:2)
  5 adders
  2 worms (D:4)
  A dart slug (D:2)
  3 orcs
  8 ball pythons
  6 bats
  2 endoplasms
  3 giant cockroaches
  18 goblins
  15 hobgoblins
  5 quokkas
  5 frilled lizards
  9 kobolds
  9 rats
102 creatures vanquished.

Notes
Turn   | Place    | Note
-------+----------+-------------------------------------------
     0 | D:1      | gruber the Demonspawn Shapeshifter began the quest for the
                  | Orb.
     0 | D:1      | Reached XP level 1. HP: 16/16 MP: 1/1
    19 | D:1      | Reached skill level 2 in Unarmed Combat
    89 | D:1      | Discovered your monstrous ancestry.
    89 | D:1      | Gained mutation: You have a pair of small horns on your
                  | head. [demonic ancestry]
    89 | D:1      | Reached XP level 2. HP: 17/22 MP: 2/2
   227 | D:1      | Reached skill level 3 in Unarmed Combat
   326 | D:1      | Gained mutation: You have a small tail. [demonic ancestry]
   326 | D:1      | Reached XP level 3. HP: 27/27 MP: 3/3
   918 | D:2      | Noticed Jessica
   928 | D:2      | Killed Jessica
   929 | D:2      | Reached skill level 4 in Unarmed Combat
   929 | D:2      | Reached XP level 4. HP: 19/33 MP: 4/4
  1332 | D:3      | You fall into a shaft and drop 2 floors!
  1332 | D:5      | Entered Level 5 of the Dungeon
  1396 | D:4      | Gained mutation: Your demonic aura sometimes causes spilled
                  | blood to erupt in flames. [demonic ancestry]
  1396 | D:4      | Reached XP level 5. HP: 38/38 MP: 5/5
  1424 | D:4      | Reached skill level 5 in Unarmed Combat
  1740 | D:3      | Found a faded altar of an unknown god.
  1975 | D:3      | Gained mutation: You have a tail ending in a sharp stinger.
                  | [demonic ancestry]
  1975 | D:3      | Reached XP level 6. HP: 39/44 MP: 6/6
  2239 | D:3      | Found a runed translucent door.
  2240 | D:3      | Noticed Crazy Yiuf
  2246 | D:3      | Killed Crazy Yiuf
  2247 | D:3      | Reached skill level 6 in Unarmed Combat
  2431 | D:4      | Identified the +0 helmet of Dust Devil {rN+ Str+4}
  2431 | D:4      | Noticed Robin
  2472 | D:4      | Killed Robin
  2509 | D:4      | Found a runed translucent door.
  2514 | D:4      | Noticed Losyloc's ghost (amateur OpCK)
  2536 | D:4      | Found a runed translucent door.
  2603 | D:4      | Found a sparkling altar of Nemelex Xobeh.
  2654 | D:4      | Splashed by a jelly's acid

Illustrated notes

Levels and vault maps discovered:
D:1:      spicycebolla_green_bress_n_ham, layout_rooms
D:2:      layout_rooms, uniq_jessica
D:3:      layout_loops_ring, shapermc_ecumenical_altar_acropolis,
          uniq_crazy_yiuf_cottage
D:4:      layout_cave_pools, old_standard_altar, ebering_ghost_sewer_f,
          uniq_robin
D:5:      layout_basic, minmay_crystal_room, hellmonk_no_cap

Skill      XL: |  1  2  3  4  5  6 |
---------------+-------------------+-----
Unarmed Combat | 2 3 4 5 6 |  6.1
Shapeshifting  | 3 |  3.1
Fighting       | |  2.0
Dodging        | |  1.7

Action                     |  1- 3 |  4- 6 || total
---------------------------+-------+-------++-------
  Melee: Unarmed           |    99 |   115 ||   214
         Punch             |     1 |     1 ||     2
         Headbutt          |    10 |    28 ||    38
         Tailslap          |     3 |    21 ||    24
  Throw: Dart              |       |     4 ||     4
   Stab: Sleeping          |       |     4 ||     4
         Distracted        |       |     1 ||     1
 Armour: Animal skin       |    19 |     7 ||    26
  Dodge: Dodged            |    63 |    45 ||   108

Table legend: (Time is in decaauts)
 A = Elapsed time spent in this place.
 B = Non-inter-level travel time spent in this place.
 C = Inter-level travel time spent in this place.
 D = Time resting spent in this place.
 E = Time spent auto-exploring this place.
 F = Levels seen in this place.
 G = Mean time per level.
                   A        B        C        D        E       F      G
               +--------+--------+--------+--------+--------+-----+--------+
         Total |   2644 |   2537 |    107 |     18 |   1933 |   5 |  528.8 |
       Dungeon |   2644 |   2537 |    107 |     18 |   1933 |   5 |  528.8 |
               +--------+--------+--------+--------+--------+-----+--------+

Top non-repeatable levels by time:
     D:3: 780 daAuts
     D:1: 720 daAuts
     D:2: 612 daAuts
     D:4: 485 daAuts
     D:5: 45 daAuts
